woodfighter, neutral female human Healer ---------- .........| ---------- |.......*| |.......>| |.......<-# |........| ----------# |........+################## --------.- # # # ##` ### # # ### ####### # --+-----### .......|# |......o@ |...o..| -------- woodfighter the Empiric Experience level: 4 Strength: 10 Dexterity: 10 Constitution: 14 Intelligence: 11 Wisdom: 15 Charisma: 18 Health: 0(28) Energy: 1(21) Def: 2 Gold: 2448 Moves: 2436 Dungeon seed: 8KWzcw2iw0i9J8iA Game ID: woodfighter_1505057752 Your Inventory: Coins $ - 2448 gold pieces Weapons a - a +0 scalpel (weapon in hand) Armor e - an uncursed +1 pair of leather gloves (being worn) n - a cursed +0 mummy wrapping Comestibles k - 5 blessed eucalyptus leaves l - 3 blessed sprigs of wolfsbane m - a blessed clove of garlic o - 5 uncursed apples q - an uncursed orange w - an uncursed partly eaten lichen corpse z - 2 uncursed cream pies K - an uncursed tripe ration R - 3 uncursed food rations W - an uncursed lembas wafer Scrolls p - an uncursed scroll of teleportation s - 3 uncursed scrolls of scare monster t - an uncursed scroll of identify u - a blessed scroll of enchant weapon C - an uncursed scroll of enchant armor D - 4 uncursed scrolls of identify I - an uncursed scroll of enchant weapon J - an uncursed scroll of remove curse N - a blessed scroll of identify O - an uncursed scroll of identify P - a blessed scroll of remove curse Potions U - an uncursed potion of see invisible Wands g - a blessed wand of sleep (0:8) Tools b - an uncursed stethoscope A - a bag of tricks (0:14) Spells and supernatural/magical abilities: Name Level Category Fail Memory h - healing 1 healing 0% 88% x - extra healing 3 healing 20% 88% S - stone to flesh 3 healing 35% 88% W - pray for help -- divine ? -- Your skills at the end: Miscellaneous Skills wands [Basic] Weapon Skills knife [Basic] Spellcasting Skills healing spells [Basic] Final Attributes: You were devoutly aligned. You were poison resistant. You were very stealthy. You are dead. Vanquished creatures: a dust vortex a kobold mummy a straw golem 2 iguanas a giant bat 2 hobbits a large kobold 2 geckos a hobgoblin 2 giant rats a yellow mold 2 red molds 8 jackals a fox 6 newts 3 goblins 7 grid bugs 3 lichens 2 kobold zombies 47 creatures vanquished. Voluntary challenges: You did not adorn yourself with jewelry or accessories. You did not cause conflict. You were not invisible. You did not have reflection. You were not displaced. You were an atheist. You used a wielded weapon 97 times, starting on turn 194. You did not use containers. You did not apply a unicorn horn. You did not use plumbed fixtures. You did not drink any magical draughts. You were illiterate. You never genocided any monsters. You never polymorphed an object. You never changed form. You used no wishes. You never split a pudding. You never wrote Elbereth's name. You never violated your personal moral code. Dungeon overview: The Dungeons of Doom: levels 1 to 8 Level 1 a long staircase Level 2 Level 3 a scroll shop, a fountain stairs to The Gnomish Mines Level 4 a general store Level 5 (box) Level 6 a sink Level 7 <- You were here Level 8 The Gnomish Mines: Level 4 stairs to The Dungeons of Doom History has recorded: On T:1 you entered the Dungeons of Doom to retrieve the Amulet of Yendor! On T:95 you reached level 2 of The Dungeons of Doom. On T:541 you reached level 3 of The Dungeons of Doom. On T:647 you advanced to experience level 2. On T:703 you reached level 4 of The Dungeons of Doom. On T:747 you reached level 1 of The Gnomish Mines. On T:1147 you advanced to experience level 3. On T:1298 you reached level 5 of The Dungeons of Doom. On T:1889 you reached level 6 of The Dungeons of Doom. On T:2072 you advanced to experience level 4. On T:2177 you reached level 7 of The Dungeons of Doom. On T:2377 you reached level 8 of The Dungeons of Doom. Score breakdown: Gold: 503 ( 50 points) Experience: 4 levels ( 300 points) Exploration: 8 levels ( 210 points) Discoveries: 11 items ( 550 points) Variety of kills: 19 monsters ( 950 points) Major goal: (nothing yet) ( 0 points) Survival: died (score multiplied by 3) Total score: 6180 Latest messages: You hack the hill orc. The hill orc is moderately wounded. The hill orc swings her curved sword named Sword of Glory at you. The hill orc hacks you! You feel better. You slash the hill orc. The hill orc is moderately wounded. The hill orc swings her curved sword named Sword of Glory at you. The hill orc slashes you! You hack the hill orc. The hill orc is moderately wounded. The hill orc swings her curved sword named Sword of Glory at you. The hill orc hacks you! You feel better. You slash the hill orc. The hill orc is horribly wounded. The hill orc swings her curved sword named Sword of Glory at you. The hill orc slashes you! You hack the hill orc. The hill orc is horribly wounded. The hill orc swings her curved sword named Sword of Glory at you. The hill orc slashes you! You die... Final status: Goodbye woodfighter the Healer, killed by a hill orc... You died in The Dungeons of Doom on dungeon level 7 with 6180 points, and 2448 pieces of gold, after 2436 moves. You were level 4 with a maximum of 28 hit points when you died.